 Dungeon Crawl Stone Soup version 0.27-a0-423-gf312af23e9 (webtiles) character file.

Game seed: 580158666183278216

5201 stormannn the Covert (level 10, 0/79 HPs)
             Began as a Gnoll Wanderer on Jan 21, 2021.
             Was a Priest of Yredelemnul.
             Succumbed to a wight's poison
             ... on level 7 of the Dungeon on Feb 26, 2021.
             The game lasted 00:26:56 (9981 turns).

stormannn the Covert (Gnoll Wanderer)               Turns: 9981, Time: 00:26:57

Health: 0/79       AC: 20    Str: 20 (23) XL:     10   Next: 60%
Magic:  4/19       EV: 11    Int: 13 (15) God:    Yredelemnul [***...]
Gold:   484        SH:  0    Dex:  9 (11) Spells: 17/21 levels left

rFire    x . .     SeeInvis .   A - +0 war axe "Aubergine" {vorpal, +Blink rPois rF-}
rCold    + . .     Faith    .   (no shield)
rNeg     . . .     Spirit   +   v - +0 scale mail
rPois    +         Reflect  .   x - +1 helmet
rElec    .         Harm     .   u - +2 cloak
rCorr    .         Rampage  .   F - +1 pair of gloves
Will     +....                  d - +0 pair of boots
Stlth    ++........             m - amulet of guardian spirit
HPRegen  0.23/turn              G - +4 ring of protection
MPRegen  0.16/turn              g - ring of willpower

@: lethally poisoned (0 -> -5)
A: distributed training, fangs 1, cold resistance 1, poison resistance, strong
1, strong nose
a: Renounce Religion, Evoke Blink, Recall Undead Slaves, Injury Mirror, Animate
Dead


You were on level 7 of the Dungeon.
You worshipped Yredelemnul.
Yredelemnul was most pleased with you.
You visited 2 branches of the dungeon, and saw 9 of its levels.

You collected 484 gold pieces.

Inventory:

Hand Weapons
 a - a +3 war axe
 b - a +5 scimitar
 A - the +0 war axe "Aubergine" (weapon) {vorpal, +Blink rPois rF-}
   (You found it on level 5 of the Dungeon)

   It inflicts extra damage upon your enemies.
   It makes you vulnerable to fire.
   It protects you from poison.
   It lets you blink.
Missiles
 t - 3 javelins (quivered)
 y - 13 poisoned darts
Armour
 d - a +0 pair of boots (worn)
 u - a +2 cloak (worn)
 v - a +0 scale mail (worn)
 x - a +1 helmet (worn)
 F - a +1 pair of gloves (worn)
Jewellery
 g - a ring of willpower (right hand)
 m - an amulet of guardian spirit (around neck)
 G - a +4 ring of protection (left hand)
Wands
 p - a wand of random effects (19)
 K - a wand of flame (20)
Scrolls
 c - a scroll of teleportation
 e - a scroll of magic mapping
 i - 2 scrolls of fog
 k - 4 scrolls of enchant armour
 w - 2 scrolls of amnesia
 z - 2 scrolls of enchant weapon {unknown}
 C - 4 scrolls of identify
 D - 2 scrolls of removedness
 I - a scroll of noise {unknown}
 J - a scroll of vulnerability {unknown}
Potions
 f - 2 potions of might
 h - a potion of lignification
 n - a potion of magic
 o - a potion of resistance {unknown}
 r - a potion of degeneration
 s - a potion of brilliance {unknown}
 B - a potion of ambrosia {unknown}
 E - a potion of attraction {unknown}
 H - a potion of flight


   Skills:
 + Level 7.2 Fighting
 + Level 5.4 Short Blades
 + Level 6.1 Long Blades
 + Level 5.4 Axes
 + Level 5.4 Maces & Flails
 + Level 5.4 Polearms
 + Level 5.4 Staves
 + Level 5.4 Slings
 + Level 5.4 Bows
 + Level 5.4 Crossbows
 + Level 5.4 Throwing
 + Level 5.4 Armour
 + Level 5.4 Dodging
 + Level 8.2 Stealth
 + Level 6.1 Shields
 + Level 5.4 Unarmed Combat
 + Level 6.2 Spellcasting
 + Level 4.5 Conjurations
 + Level 4.5 Hexes
 + Level 4.5 Summonings
 + Level 4.5 Necromancy
 + Level 4.5 Translocations
 + Level 4.5 Transmutations
 + Level 6.0 Fire Magic
 + Level 4.5 Ice Magic
 + Level 4.5 Air Magic
 + Level 4.5 Earth Magic
 + Level 4.5 Poison Magic
 + Level 6.0 Invocations
 + Level 5.4 Evocations


You had 17 spell levels left.
You knew the following spells:

 Your Spells              Type           Power        Failure   Level
a - Summon Small Mammal   Summ           60%          7%          1
b - Summon Guardian Gole  Hex/Summ       15%          22%         3

Your spell library contained the following spells:

 Spells                   Type           Power        Failure   Level
 Foxfire                  Conj/Fire      68%          5%          1
 Magic Dart               Conj           60%          7%          1
 Searing Ray              Conj           30%          11%         2
 Conjure Flame            Conj/Fire      17%          16%         3
 Inner Flame              Hex/Fire       17%          16%         3
 Dazzling Flash           Conj/Hex       30%          22%         3
 Sticky Flame             Conj/Fire      17%          45%         4
 Fulminant Prism          Conj/Hex       7%           56%         4
 Iskenderun's Mystic Bla  Conj/Tloc      15%          56%         4
 Fireball                 Conj/Fire      8%           82%         5


Dungeon Overview and Level Annotations

Branches:
Dungeon (8/15)             Temple (1/1) D:4
   Lair: D:8-11

Altars:
Ashenzari
Cheibriados
Dithmenos
Elyvilon
Fedhas
Gozag
Hepliaklqana
Kikubaaqudgha
Makhleb
Nemelex Xobeh
Okawaru
Qazlal
Ru
Sif Muna
Trog
Uskayaw
Vehumet
Wu Jian
Xom
Yredelemnul
Zin
The Shining One

Shops:
D:5 *?

Annotations:
D:8 Joseph


Innate Abilities, Weirdness & Mutations

Your experience applies equally to all skills.
You have very sharp teeth.
Your uncanny sense of smell can sniff out nearby items.
Your flesh is cold resistant. (rC+)
Your system is resistant to poisons. (rPois)
Your muscles are strong. (Str +2)


Message History

The bullfrog is heavily wounded.
The bullfrog hits you but does no damage. x2
You hit the bullfrog.
The bullfrog is severely wounded.
The bullfrog hits you but does no damage. x2
The wight throws a poisoned dart.
The poisoned dart hits the bullfrog!
The bullfrog is poisoned.
You hit the bullfrog.
You kill the bullfrog!
Yredelemnul accepts your kill. The wight barely misses you.
You hit the wight but do no damage.
You feel less wooden.
Your +2 cloak unmelds from your body.
Your +1 helmet unmelds from your body.
Your +1 pair of gloves unmelds from your body.
Your +0 pair of boots unmelds from your body.
Your +0 scale mail unmelds from your body.
You flicker for a moment.
The wight hits you but does no damage.
The wight throws a poisoned dart.
You flicker back into view.
The wight throws a poisoned dart.
The poisoned dart closely misses you.
Found a stone staircase leading up.
Your magical contamination has completely faded away.
The wight throws a poisoned dart.
The poisoned dart hits you.
You are poisoned.
You feel sick.
The wight throws a poisoned dart.
The poisoned dart hits you!
You are lethally poisoned!
* * * LOW HITPOINT WARNING * * *
You feel sick.
* * * LOW HITPOINT WARNING * * *
You feel sick.
* * * LOW HITPOINT WARNING * * *
You feel sick.
There is a stone staircase leading up here.
* * * LOW HITPOINT WARNING * * *
You feel sick.
You climb upwards.
You die...
Your body rises from the dead as a mindless zombie.

#.....#..................
#....##...##<.........##.
#....##...##...##.....##.
#....##...##...##.....##.
####'##.<..#...#.........
#..........#...#.........
#..........#...##.....##.
#....##'#########.....##.
#....##.@###...##.....#..
#....#....#....#......#..
#....#....#....#......'..
#....#....#....#......#.Z
#.....#.###...###....###.
#...#######...###....###Z
#....# #..............Z.
#....# #................
#....# ##....#......Z...


There were no monsters in sight!

Vanquished Creatures
  Pikel (D:8)
  8 yaks (D:8)
  2 humans (D:7)
  A sky beast (D:6)
  3 orc warriors
  A phantom (D:5)
  An ice beast (D:6)
  3 centaurs
  5 ogres
  A gnoll sergeant (D:7)
  3 bullfrogs
  4 killer bees
  7 wights
  A howler monkey (D:7)
  A centaur zombie (D:8)
  A jelly (D:6)
  2 orc priests
  5 hounds
  2 centaur skeletons (D:7)
  An iguana (D:7)
  8 orc wizards
  5 worker ants
  2 hound zombies
  A hound skeleton (D:6)
  6 gnolls
  10 adders
  A shadow imp (D:5)
  3 white imps
  An ooze (D:5)
  2 adder skeletons
  An adder zombie (D:5)
  A worm (D:3)
  3 leopard geckos
  21 orcs
  4 ball pythons
  3 bats
  4 bat zombies (D:6)
  3 giant cockroaches
  7 hobgoblins
  9 jackals
  4 kobolds
  2 quokkas (D:3)
  6 frilled lizards
  5 goblins
  A leopard gecko skeleton (D:6)
  2 quokka skeletons
  A quokka zombie (D:7)
  2 rats (D:2)
171 creatures vanquished.

Vanquished Creatures (collateral kills)
  A yak (D:8)
  An ice beast (D:6)
  An ogre (D:7)
  A scorpion (D:7)
  A wight (D:6)
  A vampire bat (D:6)
  A hound (D:8)
  An orc priest (D:7)
  Jessica (D:2)
  An orc wizard (D:7)
  A worker ant (D:6)
  A gnoll (D:7)
  4 orcs
  A bat zombie (D:6)
  A human zombie (D:7)
  A leopard gecko skeleton (D:6)
19 creatures vanquished.

Vanquished Creatures (others)
  A yak zombie (D:8)
  An adder zombie (D:6)
  4 gnoll zombies (D:7)
  2 hound zombies
  A howler monkey zombie (D:7)
  A jackal zombie (D:7)
  2 ogre zombies
  7 orc zombies
  A scorpion zombie (D:7)
20 creatures vanquished.

Grand Total: 210 creatures vanquished

Notes
Turn   | Place    | Note
-------+----------+-------------------------------------------
     0 | D:1      | stormannn the Gnoll Wanderer began the quest for the Orb.
     0 | D:1      | stormannn set off with the following items: a +2 falchion,
                  | a scroll of teleportation, a +0 robe, a +0 dagger; and the
                  | following spell memorised: Summon Small Mammal; and the
                  | following spells available to memorise: Summon Guardian
                  | Golem
     0 | D:1      | Reached XP level 1. HP: 20/20 MP: 4/4
   123 | D:1      | Reached XP level 2. HP: 16/26 MP: 5/5
  1013 | D:2      | Reached XP level 3. HP: 20/31 MP: 7/7
  1174 | D:2      | Noticed Jessica
  1188 | D:2      | Killed Jessica
  1189 | D:2      | Reached skill level 1 in Short Blades
  1189 | D:2      | Reached skill level 1 in Axes
  1189 | D:2      | Reached skill level 1 in Maces & Flails
  1189 | D:2      | Reached skill level 1 in Polearms
  1189 | D:2      | Reached skill level 1 in Staves
  1189 | D:2      | Reached skill level 1 in Slings
  1189 | D:2      | Reached skill level 1 in Bows
  1189 | D:2      | Reached skill level 1 in Crossbows
  1189 | D:2      | Reached skill level 1 in Throwing
  1189 | D:2      | Reached skill level 1 in Armour
  1189 | D:2      | Reached skill level 1 in Dodging
  1189 | D:2      | Reached skill level 6 in Stealth
  1189 | D:2      | Reached skill level 1 in Unarmed Combat
  1189 | D:2      | Reached skill level 1 in Invocations
  1189 | D:2      | Reached skill level 1 in Evocations
  1204 | D:2      | Reached XP level 4. HP: 22/38 MP: 8/8
  1395 | D:2      | Found a snail-covered altar of Cheibriados.
  2328 | D:3      | Reached skill level 1 in Conjurations
  2328 | D:3      | Reached skill level 1 in Hexes
  2328 | D:3      | Reached skill level 1 in Summonings
  2328 | D:3      | Reached skill level 1 in Necromancy
  2328 | D:3      | Reached skill level 1 in Translocations
  2328 | D:3      | Reached skill level 1 in Transmutations
  2328 | D:3      | Reached skill level 1 in Ice Magic
  2328 | D:3      | Reached skill level 1 in Air Magic
  2328 | D:3      | Reached skill level 1 in Earth Magic
  2328 | D:3      | Reached skill level 1 in Poison Magic
  2754 | D:3      | Reached XP level 5. HP: 42/43 MP: 7/9
  3279 | D:4      | Found a staircase to the Ecumenical Temple.
  3287 | Temple   | Entered the Ecumenical Temple
  3430 | Temple   | Became a worshipper of Yredelemnul the Dark
  3523 | D:4      | Found a shimmering blue altar of Sif Muna.
  3860 | D:4      | Found a stormy altar of Qazlal.
  3877 | D:4      | Found a blossoming altar of Fedhas.
  3957 | D:4      | Found a broken altar of Ashenzari.
  4133 | D:4      | Found a glowing golden altar of the Shining One.
  4210 | D:5      | Entered Level 5 of the Dungeon
  4258 | D:5      | Found Zin's Purification Station.
  4261 | D:5      | Found a glowing silver altar of Zin.
  4276 | D:5      | Reached XP level 6. HP: 50/50 MP: 8/10
  4528 | D:5      | Found a hazy altar of Hepliaklqana.
  4529 | D:5      | Found an ornate altar of the Wu Jian Council.
  4529 | D:5      | Found a sparkling altar of Nemelex Xobeh.
  4553 | D:5      | Got a glimmering war axe
  4554 | D:5      | Identified the cursed +0 war axe "Aubergine" {vorpal,
                  | +Blink rPois rF-} (You found it on level 5 of the Dungeon)
  4562 | D:5      | Found a radiant altar of Vehumet.
  4606 | D:5      | Found Udash's Magic Scroll Emporium.
  4859 | D:5      | Noticed a phantom
  4886 | D:5      | Killed a phantom
  4887 | D:5      | Reached skill level 5 in Fighting
  5404 | D:5      | Reached XP level 7. HP: 56/56 MP: 12/12
  5851 | D:5      | Reached * piety under Yredelemnul
  5950 | D:6      | Reached XP level 8. HP: 28/63 MP: 7/14
  6442 | D:6      | Upgraded the game from 0.27-a0-96-gb51a1d6fd6 to
                  | 0.27-a0-423-gf312af23e9
  6785 | D:6      | Reached skill level 7 in Stealth
  6965 | D:6      | Learned a level 3 spell: Summon Guardian Golem
  7156 | D:6      | Reached skill level 5 in Fire Magic
  7156 | D:6      | Reached XP level 9. HP: 68/69 MP: 16/16
  7470 | D:6      | Found an ancient bone altar of Kikubaaqudgha.
  7985 | D:7      | Reached skill level 5 in Spellcasting
  8024 | D:7      | Reached ** piety under Yredelemnul
  8242 | D:6      | Reached skill level 5 in Long Blades
  8242 | D:6      | Reached skill level 5 in Shields
  9019 | D:7      | Found an iron altar of Okawaru.
  9032 | D:7      | Reached skill level 5 in Invocations
  9544 | D:8      | Reached XP level 10. HP: 55/77 MP: 13/18
  9791 | D:8      | Reached skill level 5 in Short Blades
  9791 | D:8      | Reached skill level 5 in Axes
  9791 | D:8      | Reached skill level 5 in Maces & Flails
  9791 | D:8      | Reached skill level 5 in Polearms
  9791 | D:8      | Reached skill level 5 in Staves
  9791 | D:8      | Reached skill level 5 in Slings
  9791 | D:8      | Reached skill level 5 in Bows
  9791 | D:8      | Reached skill level 5 in Crossbows
  9791 | D:8      | Reached skill level 5 in Throwing
  9791 | D:8      | Reached skill level 5 in Armour
  9791 | D:8      | Reached skill level 5 in Dodging
  9791 | D:8      | Reached skill level 5 in Unarmed Combat
  9791 | D:8      | Reached skill level 5 in Evocations
  9794 | D:8      | Reached *** piety under Yredelemnul
  9796 | D:8      | Reached skill level 8 in Stealth
  9806 | D:8      | Noticed Joseph
  9931 | D:8      | Noticed Pikel
  9954 | D:8      | HP: 2/118 [Pikel/puff of flame (13)]
  9955 | D:8      | Killed Pikel
  9958 | D:8      | Gained mutation: Your flesh is cold resistant. (rC+)
                  | [potion of mutation]
  9958 | D:8      | Gained mutation: Your muscles are strong. (Str +2) [potion
                  | of mutation]
  9958 | D:8      | Gained mutation: Your system is resistant to poisons.
                  | (rPois) [potion of mutation]
  9977 | D:8      | HP: 3/79 [poisoned by a wight]
  9980 | D:8      | HP: 1/79 [poisoned by a wight]
  9981 | D:7      | Succumbed to a wight's poison

Illustrated notes

Levels and vault maps discovered:
D:1:      sevenhm_arrival_forest_fort_small_6, layout_basic
D:2:      layout_basic, general_overflow_altar, uniq_jessica
D:3:      layout_basic, chequers_serial_rivers_small_b
D:4:      layout_basic, grunt_temple_overflow_forces_of_nature, kennysheep_mini,
          kennysheep_mini_moat, led_sif_book, minmay_temple_entry_overgrown,
          st_stairs_7, nrook_mini_vaults, corexii_checkpoint_b
D:5:      layout_loops_ring, nicolae_overflow_quartered_altars, zin_purify,
          serial_shops, nicolae_shop_behind_doors
D:6:      layout_basic, kennysheep_vampire_church, fountainhead, hex_tiny,
          supply_closet_lemuel, minmay_starry_boxes
D:7:      layout_gridville, okawaru_humans, minmay_tree_intersection
D:8:      argonaut_augean_stables, layout_basic, lair_entry_dummy,
          hangedman_abyss_or_decor_lesser_grid, nicolae_straight_to_the_point,
          uniq_maggie, uniq_pikel, uniq_grum, uniq_joseph
Temple:   nicolae_temple_figure_zero

Skill      XL: |  1  2  3  4  5  6  7  8  9 10 |
---------------+-------------------------------+-----
Short Blades   | 1 2 3 4 5 |  5.4
Axes           | 1 2 3 4 5 |  5.4
Maces & Flails | 1 2 3 4 5 |  5.4
Polearms       | 1 2 3 4 5 |  5.4
Staves         | 1 2 3 4 5 |  5.4
Slings         | 1 2 3 4 5 |  5.4
Bows           | 1 2 3 4 5 |  5.4
Crossbows      | 1 2 3 4 5 |  5.4
Throwing       | 1 2 3 4 5 |  5.4
Armour         | 1 2 3 4 5 |  5.4
Dodging        | 1 2 3 4 5 |  5.4
Stealth        | 6 7 8 |  8.2
Unarmed Combat | 1 2 3 4 5 |  5.4
Invocations    | 1 2 3 4 5 6 |  6.0
Evocations     | 1 2 3 4 5 |  5.4
Spellcasting   | 3 4 5 6 |  6.2
Conjurations   | 1 2 3 4 |  4.5
Hexes          | 1 2 3 4 |  4.5
Summonings     | 1 2 3 4 |  4.5
Necromancy     | 1 2 3 4 |  4.5
Translocations | 1 2 3 4 |  4.5
Transmutations | 1 2 3 4 |  4.5
Ice Magic      | 1 2 3 4 |  4.5
Air Magic      | 1 2 3 4 |  4.5
Earth Magic    | 1 2 3 4 |  4.5
Poison Magic   | 1 2 3 4 |  4.5
Long Blades    | 3 4 5 6 |  6.1
Shields        | 3 4 5 6 |  6.1
Fire Magic     | 4 5 6 |  6.0
Fighting       | 5 6 7 |  7.2

Action                   |  1- 3 |  4- 6 |  7- 9 | 10-12 || total
-------------------------+-------+-------+-------+-------++-------
Melee: Falchion          |    53 |    77 |       |       ||   130
       Bite              |     6 |    15 |    33 |     5 ||    59
       Trident           |       |    75 |       |       ||    75
       Punch             |       |     2 |     4 |     1 ||     7
       War axe           |       |    61 |   318 |    66 ||   445
Throw: Javelin           |       |       |     3 |       ||     3
       Throwing net      |       |       |     1 |       ||     1
 Cast: Summon Small Mamm |     1 |       |       |       ||     1
Invok: Animate Remains   |       |       |    19 |     4 ||    23
       Recall Undead Sla |       |       |     1 |       ||     1
 Abil: Evoke Blink       |       |       |       |     1 ||     1
  Use: Scroll            |       |     8 |     2 |     2 ||    12
       Potion            |       |       |     3 |     8 ||    11
 Stab: Sleeping          |     4 |     1 |       |       ||     5
Armor: Robe              |     8 |     3 |       |       ||    11
       Chain mail        |       |    29 |       |       ||    29
       Scale mail        |       |    85 |   234 |    44 ||   363
       Skin              |       |       |       |    29 ||    29
Dodge: Dodged            |    37 |   117 |   259 |    48 ||   461
       Rpst.: Falchion   |    13 |     5 |       |       ||    18

Table legend: (Time is in decaauts)
 A = Elapsed time spent in this place.
 B = Non-inter-level travel time spent in this place.
 C = Inter-level travel time spent in this place.
 D = Time resting spent in this place.
 E = Time spent auto-exploring this place.
 F = Levels seen in this place.
 G = Mean time per level.
                   A        B        C        D        E       F      G
               +--------+--------+--------+--------+--------+-----+--------+
         Total |  10177 |   9774 |    403 |   2984 |   4544 |   9 | 1130.8 |
       Dungeon |  10020 |   9629 |    391 |   2984 |   4437 |   8 | 1252.5 |
        Temple |    156 |    144 |     12 |      0 |    107 |   1 |  156.0 |
               +--------+--------+--------+--------+--------+-----+--------+

Top non-repeatable levels by time:
     D:5: 2380 daAuts
     D:6: 1535 daAuts
     D:7: 1492 daAuts
     D:2: 1273 daAuts
     D:3: 1090 daAuts
     D:1: 940 daAuts
     D:4: 780 daAuts
     D:8: 526 daAuts
  Temple: 156 daAuts
